cohdb
Replays
Latest Replays
All Replays
Popular Replays
Top Player Replays
Match Explorer
How It Works
Community
CoH3 Stats
Reddit
Sign in to upload your games and track your stats! →
Sign in with Steam
Match 45483219
Unlisted
Match 45483219
Overview
Messages
Build Orders
End
Construct Section Command Post
Vickers Machine Gun Team
Selects Heavy Armor Battlegroup
Royal Engineer Section
Dingo Light Scout Car
Construct Field Infirmary
ML 3-inch Mortar Team
Grenade Package
Selects Rigorous Vehicle Training
Construct Platoon Command Post
Selects Forward Repair Assembly
Selects UNKNOWN (2162094)
6-pounder Anti-tank Gun Team
Selects Light Vehicle Withdraw and Refit
Unlock M3 Stuart Light Tanks
Selects Radio Net
Infantry Section
Infantry Section
Unlock Bishop Self-propelled Artillery
Infantry Section
Selects Designate Targets
qieman
Sad Pepe
0
0
Comments
sign in to comment!
No comments posted yet!